Cogmind - Beta 12 @@@ ROGUE MODE // 2023.09.07 @ 20:21:05 Player: art-hropod Result: Destroyed by G-34 Mercenary with Small Laser Performance ------------- Evolutions (1) 500 Regions Visited (2) 400 Robots Destroyed (36) 180 Value Destroyed (719) 719 Prototype IDs (1) 20 Alien Tech Used (0) 0 Bonus (10) 10 TOTAL SCORE: 1829 Bonus ------- High Alert Combat Kills 10 Cogmind --------- Core Integrity 0/400 Matter 285/300 Energy 100/100 System Corruption 0% Temperature Cool (12) Movement Core (250) Ox4 Location -9/Materials Parts ------- > --- POWER (1) -------- (None) > --- PROPULSION (4) --- (None) > --- UTILITY (2) ------ Medium Storage Unit > --- WEAPON (2) ------- Mace Mace > --- INVENTORY (10) --- Light Ion Engine Light Ion Engine Flight Unit Flight Unit Flight Unit Flight Unit Signal Interpreter Shock Bomb Launcher Peak State ------------ > --- POWER ------------ Heavy Ion Engine > --- PROPULSION ------- Improved Aluminum Leg Improved Aluminum Leg Improved Aluminum Leg Improved Aluminum Leg > --- UTILITY ---------- Cooling System Medium Storage Unit > --- WEAPON ----------- Particle Cannon Shock Bomb Launcher > --- INVENTORY -------- Ion Engine Light Ion Engine Light Ion Engine Aluminum Leg Flight Unit Flight Unit Flight Unit Signal Interpreter Beam Rifle Beam Rifle [Rating: 20] Favorites ----------- Power Ion Engine Engine Ion Engine Propulsion Improved Aluminum Leg Leg Improved Aluminum Leg Utility Cooling System Device Cooling System Storage Medium Storage Unit Weapon Beam Rifle Energy Gun Beam Rifle Energy Cannon Particle Cannon Ballistic Gun Assault Rifle Launcher Shock Bomb Launcher Impact Weapon Mace Build | -11 -10 -9 ------- Run | Jun Mat Mat Slots Evolved 2 | . . 2 Power . | . . . Propulsion 2 | . . 2 Utility . | . . . Weapon . | . . . Parts Attached 30 | 6 4 20 Power 5 | 1 . 4 Engine 5 | 1 . 4 Core . | . . . Reactor . | . . . Propulsion 9 | 2 2 5 Treads . | . . . Leg 9 | 2 2 5 Wheel . | . . . Hover . | . . . Flight . | . . . Utility 3 | 1 . 2 Device 1 | . . 1 Storage 2 | 1 . 1 Processor . | . . . Hackware . | . . . Protection . | . . . Artifact . | . . . Weapon 13 | 2 2 9 Energy Gun 7 | 1 2 4 Energy Cannon 2 | . . 2 Ballistic Gun 1 | 1 . . Ballistic Cannon . | . . . Launcher 1 | . . 1 Special Weapon . | . . . Impact Weapon 2 | . . 2 Slashing Weapon . | . . . Piercing Weapon . | . . . Special Melee Weapon . | . . . Unidentified Prototypes 1 | . . 1 Parts Lost 14 | . . 14 Power 2 | . . 2 Propulsion 6 | . . 6 Utility 1 | . . 1 Weapon 5 | . . 5 Highest Loss Streak 14 | . . 14 To Critical Strikes . | . . . Average Slot Usage (%) 93 | . 85 96 Engine 11 | . 14 10 Leg 38 | . 28 42 Device 7 | . . 10 Storage 11 | . 14 11 Energy Gun 19 | . 27 16 Energy Cannon 3 | . . 4 Naked Turns . | . . . Heaviest Build 30 | 14 16 30 Greatest Support 52 | 20 26 52 Greatest Overweight (x) 7 | . 1 7 Average Overweight (x) . | . . . Largest Inventory Capacity 10 | 8 8 10 Average Capacity 9 | 7 8 9 Most Carried 10 | 8 8 10 Average Carried 8 | 2 7 9 Final Capacity 10 | 8 8 10 Final Carried 8 | 8 8 8 Class Distribution -------------------- 100% | Mutant Dominant Class ---------------- Mutant | -10/Materials Mutant | -9/Materials Resources | -11 -10 -9 ----------- Run | Jun Mat Mat Matter Collected 457 | 236 76 145 Remotely . | . . . Salvage Created 1186 | 92 250 844 Parts 61 | 4 13 44 Haulers Intercepted 1 | . . 1 Recyclers Shooed . | . . . Parts Field Recycled . | . . . Retrieved Matter . | . . . Parts Self-Destructed . | . . . Prevented . | . . . Kills | -11 -10 -9 ------- Run | Jun Mat Mat Combat Hostiles Destroyed 24 | . 5 19 Guns 17 | . 5 12 Cannons 4 | . . 4 AOE 2 | . . 2 Classes Destroyed 10 | 2 3 5 Worker 1 | 1 . . Builder 1 | . . 1 Hauler 1 | . . 1 Recycler 3 | 1 1 1 Operator 5 | . 3 2 Watcher 1 | . . 1 Swarmer 11 | . 3 8 Grunt 9 | . 2 7 Brawler 1 | . . 1 Sentry 3 | . . 3 Best Kill Streak 5 | 1 5 5 Combat Bots Only 4 | . 3 4 Max Kills in Single Turn 3 | 1 2 3 Gunslinging 1 | . 1 1 Exploded 2 | . . 2 Melee . | . . . Uniques/NPCs Destroyed . | . . . Combat | -11 -10 -9 -------- Run | Jun Mat Mat Damage Taken 2116 | . 213 1903 Core 493 | . 86 407 Absorbed by Shields . | . . . Core Remaining (%) 82 | 100 65 . Volleys Fired 88 | 4 18 66 Largest 2 | 2 2 2 Hottest 124 | 70 112 124 Shots Fired 165 | 8 36 121 Gun 138 | 8 36 94 Cannon 26 | . . 26 Launcher 1 | . . 1 Special . | . . . Kinetic 4 | 4 . . Thermal 156 | 4 36 116 Explosive . | . . . Electromagnetic 5 | . . 5 Robot Hit Streak 23 | 5 4 23 Robot Miss Streak 5 | 1 5 4 Penetration Max . | . . . Secondary Targets 4 | . 2 2 Max Gunslinging Chain 1 | . 1 1 Shots Hit Robots 109 | 6 18 85 Core Hits 44 | 3 11 30 Critical Kills 1 | . . 1 Critical Parts Destroyed . | . . . Critical Strikes 9 | . 2 7 Burn 8 | . 2 6 Meltdown 1 | . . 1 Melee Attacks 2 | . . 2 Impact 2 | . . 2 Slashing . | . . . Piercing . | . . . Sneak Attacks . | . . . Combat Hostiles . | . . . Follow-up Attacks . | . . . Damage Inflicted 1861 | 80 296 1485 Guns 1353 | 80 296 977 Cannons 344 | . . 344 Explosions 111 | . . 111 Melee 53 | . . 53 Ramming . | . . . Kinetic 56 | 56 . . Thermal 1637 | 24 296 1317 Explosive . | . . . Electromagnetic 115 | . . 115 Impact 53 | . . 53 Slashing . | . . . Piercing . | . . . Highest Corruption . | . . . Average Corruption . | . . . Corruption Purged . | . . . Corruption Blocked . | . . . Overload Shots . | . . . Overflow Damage 3 | . . 3 Projectiles 3 | . . 3 Explosions . | . . . Melee . | . . . Knockbacks . | . . . Impact . | . . . Kinetic . | . . . Secondary . | . . . Self-Inflicted Damage . | . . . Shots . | . . . Rammed . | . . . Targets Rammed . | . . . Kicked . | . . . Crushed . | . . . Highest Temperature 306 | 27 306 118 Average Temperature 76 | 12 94 45 Received Heat Transfer 693 | . 54 639 Siege Activations . | . . . Robots Corrupted . | . . . Combat Hostiles . | . . . Parts Fried . | . . . Impact Corruptions . | . . . Robots Melted 1 | . . 1 Combat Hostiles 1 | . . 1 Parts Melted 18 | . 3 15 Heat Transferred 4272 | 74 888 3310 Parts Sabotaged . | . . . Parts Stolen . | . . . Parts Stripped . | . . . Power Chain Reactions 1 | . . 1 Missiles Intercepted . | . . . Alert | -11 -10 -9 ------- Run | Jun Mat Mat Peak Influence 412 | 10 196 412 Initial 82 | . 6 82 Average 198 | 3 105 253 Maximum Alert Level 2 | . . 2 Low Security (%) 49 | 100 100 25 Level 1 45 | . . 67 Level 2 4 | . . 7 Level 3 . | . . . Level 4 . | . . . Level 5 . | . . . High Security . | . . . Max Security . | . . . Squads Dispatched 4 | . 2 2 Investigation . | . . . Extermination . | . . . Reinforcement 4 | . 2 2 Assault . | . . . Garrison . | . . . Intercept . | . . . Searches Triggered . | . . . Construction Impeded . | . . . Haulers Reinforced . | . . . Active Scanning Responses . | . . . Cargo Convoy Interrupts . | . . . Stealth | -11 -10 -9 --------- Run | Jun Mat Mat Distress Signals 1 | . . 1 Communications Jammed . | . . . Distress Signals . | . . . Times Spotted 55 | . 11 44 Peak Tracking Total 7 | . 4 7 Tactical Retreats 3 | . . 3 Traps | -11 -10 -9 ------- Run | Jun Mat Mat Traps Triggered 1 | . . 1 Indirectly . | . . . Trap Hack Attempts . | . . . Triggered . | . . . Disarmed . | . . . Reprogrammed . | . . . Reused . | . . . Traps Extracted . | . . . Installed . | . . . Triggered . | . . . Machines | -11 -10 -9 ---------- Run | Jun Mat Mat Machines Disabled 2 | . 1 1 Max in Single Turn 1 | . 1 1 Machines Repaired . | . . . Machines Sabotaged . | . . . Overloaded Fab Kills . | . . . Hacking | -11 -10 -9 --------- Run | Jun Mat Mat Machines Accessed 8 | . 2 6 Terminals 8 | . 2 6 Fabricators . | . . . Repair Stations . | . . . Recycling Units . | . . . Scanalyzers . | . . . Garrison Access . | . . . Total Hacks 29 | . 8 21 Successful 15 | . 6 9 Failed 14 | . 2 12 Catastrophic 3 | . . 3 Database Lockouts . | . . . Manual 27 | . 8 19 Terminals 29 | . 8 21 Fabricators . | . . . Repair Stations . | . . . Recycling Units . | . . . Scanalyzers . | . . . Garrison Access . | . . . Terminal Hacks 5 | . 3 2 Robot Analysis 3 | . 3 . Unreport Threat 1 | . . 1 Locate Traps 1 | . . 1 Fabricator Hacks . | . . . Repair Station Hacks . | . . . Recycling Unit Hacks . | . . . Scanalyzer . | . . . Garrison Access Hacks . | . . . Unauthorized Hacks 10 | . 3 7 Terminals 10 | . 3 7 Botnet 8 | . 2 6 Operators 2 | . 1 1 Fabricators . | . . . Repair Stations . | . . . Recycling Units . | . . . Scanalyzers . | . . . Garrison Access . | . . . Data Cores Recovered 1 | . 1 . Used . | . . . Hacking Detections 8 | . 2 6 Full Trace Events . | . . . Feedback Events . | . . . Feedback Blocked . | . . . Robot Schematics Acquired . | . . . Robots Built . | . . . Authchips . | . . . Time . | . . . Total Robot Build Rating . | . . . Part Schematics Acquired . | . . . Parts Built . | . . . Authchips . | . . . Time . | . . . Total Part Build Rating . | . . . Parts Repaired . | . . . Time . | . . . Parts Recycled . | . . . Recycled Matter . | . . . Retrieved Matter . | . . . Retrieved Components . | . . . Parts Scanalyzed . | . . . Part Schematics Acquired . | . . . Parts Damaged . | . . . Bothacking | -11 -10 -9 ------------ Run | Jun Mat Mat Used RIF Installer . | . . . Robots Hacked . | . . . Non-combat . | . . . Combat . | . . . Robot Hacks Applied . | . . . Relay Couplers Released . | . . . Fabnet Peak Effective % . | . . . Robots Rewired . | . . . Allies Hacked . | . . . Hacks Repelled . | . . . Allies | -11 -10 -9 -------- Run | Jun Mat Mat Total Allies . | . . . Largest Group . | . . . Highest-Rated Group . | . . . Highest-Rated Ally . | . . . Total Orders . | . . . Ally Attacks . | . . . Total Damage . | . . . Kills . | . . . Allies Corrupted . | . . . Allies Melted . | . . . Intel | -11 -10 -9 ------- Run | Jun Mat Mat Robot Analysis Total 3 | . 3 . Derelict Logs Recovered . | . . . Drone Launches . | . . . Drone Recoveries . | . . . Exploration | -11 -10 -9 ------------- Run | Jun Mat Mat Turns Passed 1295 | 104 307 884 Spaces Moved 779 | 65 193 521 Core 10 | 8 . 2 Treads . | . . . Legs 769 | 57 193 519 Wheels . | . . . Hover . | . . . Flight . | . . . Fastest Speed 50 | 50 120 120 Average Speed 119 | 111 120 120 Slowest Speed 400 | 120 190 400 Overloaded Moves . | . . . Propulsion Burnouts . | . . . Robots Hopped . | . . . Cave-ins Triggered . | . . . Exploration Rate (%) 34 | 4 43 56 Regions Visited 2 Branch Regions . Pre-discovered Areas . | . . . Known Exits Taken . | . . . Unknown Exits Taken 2 | 1 1 . Scrap Searched . | . . . Spaces Dug . | . . . Terrain Destroyed 5 | . . 5 Melee . | . . . Projectile . | . . . AOE 5 | . . 5 Terrain Rammed . | . . . Walls Destroyed . | . . . Machines Disabled . | . . . Actions | -11 -10 -9 --------- Run | Jun Mat Mat Total 976 | 88 235 653 Wait 23 | . 5 18 Move 777 | 64 192 521 Hop . | . . . Pick Up 36 | 14 6 16 Fast Attach 6 | . 2 4 Attach 17 | 6 . 11 Detach . | . . . Swap 7 | . 2 5 Drop 20 | . 10 10 Fire 88 | 4 18 66 Melee 2 | . . 2 Ram . | . . . Kick . | . . . Crush . | . . . Escape Stasis . | . . . Rewire . | . . . Trap . | . . . Miscellaneous . | . . . Route ------- -11/Junkyard -10/Materials (discovered 2 exits: *Mat / [*Min]) -9/Materials (discovered 2 exits: [*Mat] / [*Min]) History --------- Turn | Location | Event 4 | -11/Junkyard | Discovered new exit (range 15) 105 | -11/Junkyard | Entered Materials 262 | -10/Materials | Discovered new exit (range 9) 325 | -10/Materials | Build established: Mutant 396 | -10/Materials | Discovered new exit (range 14) 412 | -10/Materials | Entered another Materials area 412 | -9/Materials | Evolved 2 slots: Propulsion x2 655 | -9/Materials | Discovered new exit (range 8) 1130 | -9/Materials | Discovered new exit (range 13) 1261 | -9/Materials | Core integrity fell below 50% 1289 | -9/Materials | Core integrity fell below 20% 1296 | -9/Materials | Destroyed by G-34 Mercenary with Small Laser Last Messages --------------- 01238_ Acquired 20 matter. 01239_ Y-45 Defender suffers critical hit (Burn). 01242_ Acquired Sml. Laser. 01246_ Beam Rifle destroyed. 01261_ Cooling System destroyed. 01263_ Acquired EM Pulse Gun. 01267_ Imp. Aluminum Leg destroyed. 01271_ G-47 Trooper heat damages Particle Gun, Aluminum Leg, Lgt. Nuclear Core, Imp. Heat Sink. 01272_ G-47 Trooper overheating. 01274_ Destroyed Imp. Heat Sink. 01274_ EM Pulse Gun destroyed. 01275_ G-47 Trooper overheating. 01277_ Sml. Laser destroyed. 01280_ Acquired Mace. 01280_ Imp. Aluminum Leg destroyed. 01280_ Critical hit (Burn: +37). 01283_ Acquired Mace. 01284_ Aluminum Leg destroyed. 01289_ Deuterium Engine destroyed. Map ----- +----------------------------------------------------+ | + #??# #????????? | | ### # #??# #?##?????? | | ??# ########### #?# ##???? | | ??# #?# ?? # | | ??##########+## #?# "?? # | | ??????????????# #?# """ # | | ??????????????+ ### """ # | | ??????????????## # """ # | | ######?????????# # """ # | | T #?????????# # # | | #?????????# # ! # | | #?????????# # # | | #?????????# # " # | | #?????????# =%# T # | | """ #?????????# + " # | | """ #?????????# # # | | """ #?????????# ######## | | #?????????# # # | | #?????????# # # | | #?????????# # # | | #?????????# # # | | ###+##?? ### # # | | ??????? # # | | ??????? += Y # | | ??????? #Y* # | | ???????? ##+###### #g@ # | | ????????# ?????????# # / # | | ????????# ??????????# g # | | ?????????????????????# # # | | ?????????????????????# # = # | | ????????????????????? ###%#### | | ????????????????????####?###??? | | ??????????????????????????????? | | ??????????????????????????????? | | ??????????????????????????????? | | ??????????????????????????????? | | ??????????????????????????????? | | ??????????????????????????????? | | ??????????????????????????????? | | ??????????????????????????????? | | ??????????????????????????????? | | ??????????????????????????????? | | ??????????????????????????????? | | ??????????????????????????????? | | ??????????????????????????????? | | ??????????????????????????????? | | ??????????????????????????????? | | ??????????????????????????????? | | ??????????????????????????????? | | ??????????????????????????????? | +----------------------------------------------------+ Best States ------------- Heat Dissipation 50 Energy Generation 14 Energy Capacity 280 Matter Stores 300 Matter Capacity 300 Sight Range 16 Terrain Scan Density 10 Evasion (%) 55 Item Schematics ----------------- None Robot Schematics ------------------ None Fabricated ------------ Nothing Alien Tech Used ----------------- None Achievements -------------- Armchair Analyst Challenges ------------ None Game ------ Seed CoolantTrackerNukerbomber Manual? 0 Play Time 00:18:45 Cumulative 57.6 hours Start 2023.09.07 @ 19:59:08 End 2023.09.07 @ 20:21:05 Sessions 1 Manual Loads 0 Difficulty Rogue Special Mode None Game No. 75 Rogue 59 Adventurer 9 Explorer 7 Win Type - Total 4 Types 4/0/0/0/0/0/0/0/0 Lore% 16 Gallery% 40 Achievement% 30 Wizard Run 0 Options --------- ASCII 0 Keyboard 0 Movement Mouse Keybinds 0 Fullscreen 1 Font 32/Terminus Map View 63x52 Tactical HUD 1 Map Filters NONE Filters NONE Steam 1 RUN: 971ed4b8-8235-4ac7-a749-aed9068f54d3